 Dungeon Crawl Stone Soup version 0.23.1-37-gaa34b87 (webtiles) character file.

Game seed: 1396172752591630717

44 myga the Charmwright (level 3, -3/35 HPs)
             Began as a Troll Skald on Mar 21, 2019.
             Killed from afar by Sigmund (6 damage)
             ... with a puff of flame
             ... on level 2 of the Dungeon.
             The game lasted 00:07:59 (1183 turns).

myga the Charmwright (Troll Skald)                  Turns: 1183, Time: 00:07:59

Health: -3/35      AC:  6    Str: 19    XL:     3   Next: 41%
Magic:  4/4        EV: 10    Int: 10    God:
Gold:   45         SH:  0    Dex:  9    Spells: 1/4 levels left

rFire    . . .     SeeInvis .   a - +0 hand axe
rCold    . . .     Gourm    +   (no shield)
rNeg     . . .     Faith    .   b - +0 robe
rPois    .         Spirit   .   (helmet restricted)
rElec    .         Reflect  .   (no cloak)
rCorr    .         Harm     .   (gloves unavailable)
MR       +....                  (boots unavailable)
Stlth    +.........             e - amulet of magic regeneration
HPRegen  0.51/turn              c - ring of protection from magic
MPRegen  0.34/turn              (no ring)

@: very slightly contaminated
A: large, unfitting armour, claws 3, fast metabolism 3, gourmand, regeneration
1, shaggy fur 1, tough skin 3
a: no special abilities


You were on level 2 of the Dungeon.
You were not hungry.

You visited 1 branch of the dungeon, and saw 2 of its levels.

You collected 45 gold pieces.

Inventory:

Hand Weapons
 a - a +0 hand axe (weapon)
Armour
 b - a +0 robe (worn)
 f - a +0 robe
Jewellery
 c - a ring of protection from magic (left claw)
 e - an amulet of magic regeneration (around neck)
Scrolls
 g - a scroll of teleportation {unknown}
Potions
 i - a potion of magic
Comestibles
 d - 3 rations


   Skills:
 + Level 1.7 Fighting
 + Level 2.1 Axes
 + Level 2.2 Dodging
 + Level 0.1 Stealth
 + Level 1.4 Spellcasting
 + Level 2.3 Charms


You had one spell level left.
You knew the following spells:

 Your Spells              Type           Power        Failure   Level  Hunger
a - Infusion              Chrm           #...         13%         1    ##.....
b - Song of Slaying       Chrm           #.......     21%         2    ###....

Your spell library contained the following spells:

 Spells                   Type           Power        Failure   Level  Hunger
 Shroud of Golubria       Chrm/Tloc      #.........   30%         2    ###....
 Regeneration             Chrm/Necr      #.........   52%         3    ####...
 Spectral Weapon          Hex/Chrm       #.......     52%         3    ####...


Dungeon Overview and Level Annotations

Branches:
Dungeon (2/15)

Altars:

Annotations:
D:2 Sigmund


Innate Abilities, Weirdness & Mutations

You are too large for most types of armour.
You have claws for hands.
Your metabolism is lightning-fast.
You like to eat raw meat.
Your natural rate of healing is unusually fast.
You are covered in fur. (AC +1)
You have extremely tough skin. (AC +3)


Message History

You completely miss Sigmund.
Sigmund is severely wounded.
Sigmund closely misses you.
You closely miss Sigmund.
Sigmund is severely wounded.
Sigmund gestures wildly while chanting.
Sigmund flickers and vanishes!
Deactivating autopickup; reactivate with Ctrl-A.
You miss something. Something hits you!
You barely miss something. Something hits you.
You miss something. You barely miss something. Something hits you!
* * * LOW HITPOINT WARNING * * *
You hear some strange, mumbled words.
A puff of flame appears from out of thin air!
The puff of flame hits you!
* * * LOW HITPOINT WARNING * * *
A puff of flame appears from out of thin air!
The puff of flame hits you.
You die...

...#######.......#
#..#.## .<.# ##.#.##.
#..#..# ...# .....
#..##.# ...#
##.######### #......
...# #.# #.....#
#####.# ...# #.#
#.###.# #.# ...#
#{###.###.## #.# .#.#
#..........########.#
# #.
####@.#.#...........#
#..#.....#########
#........# #.#####.##
#.......# #########


There were no monsters in sight!

Vanquished Creatures
  2 adders (D:2)
  A leopard gecko (D:1)
  2 giant cockroaches (D:1)
  4 goblins
  3 hobgoblins (D:1)
  2 bats (D:1)
  3 frilled lizards (D:1)
  6 kobolds
  2 rats
25 creatures vanquished.

Notes
Turn   | Place    | Note
-------+----------+-------------------------------------------
     0 | D:1      | myga the Troll Skald began the quest for the Orb.
     0 | D:1      | Reached XP level 1. HP: 19/19 MP: 1/1
   256 | D:1      | Reached XP level 2. HP: 27/27 MP: 2/2
   471 | D:1      | Learned a level 2 spell: Song of Slaying
   708 | D:2      | Noticed Sigmund
   806 | D:2      | Reached XP level 3. HP: 35/35 MP: 4/4
   993 | D:2      | HP: 1/35 [Sigmund/puff of flame (10)]
  1183 | D:2      | Killed from afar by Sigmund

Skill      XL: |  1  2 |
---------------+-------+-----
Dodging        | 2 |  2.2
Axes           | 2 |  2.1
Fighting       | |  1.7
Stealth        | |  0.1
Spellcasting   | |  1.4
Charms         | |  2.3

Action                   || total
-------------------------++-------
Melee: Hand axe          ||   100
 Cast: Infusion          ||     8
  Use: Scroll            ||     2
       Potion            ||     1
  Eat: Chunk             ||    12
Armor: Robe              ||    24
Dodge: Dodged            ||    60
